Cogmind - Beta 16 @@@ ROGUE MODE // 2025.11.15 @ 13:04:49 Player: f3-rnm Result: Destroyed by Autobeam Turret with Autobeam Performance ------------- Evolutions (0) 0 Regions Visited (2) 400 Robots Destroyed (13) 65 Value Destroyed (424) 424 Prototype IDs (0) 0 Alien Tech Used (0) 0 Bonus (0) 0 TOTAL SCORE: 889 Bonus ------- None Cogmind --------- Core Integrity 0/250 Matter 240/300 Energy 98/100 System Corruption 0% Temperature Cool (30) Movement Core (50) Location -10/Subcaves Parts ------- > --- POWER (1) -------- (None) > --- PROPULSION (2) --- Wheel Subdweller Monowheel > --- UTILITY (2) ------ (None) > --- WEAPON (2) ------- (None) > --- INVENTORY (5) ---- Subdweller Power Source Light Treads Aluminum Leg Small Storage Unit Battle Rifle Peak State ------------ > --- POWER ------------ Subdweller Power Source > --- PROPULSION ------- Wheel Subdweller Monowheel > --- UTILITY ---------- Humpback > --- WEAPON ----------- Makeshift Laser Assault Rifle > --- INVENTORY -------- Subdweller Power Source Subdweller Power Source Light Treads Aluminum Leg Subdweller Monowheel Small Storage Unit Large Battery Medium Laser Battle Rifle Subdweller Machine Gun Multitool [Rating: 13] Favorites ----------- Power Subdweller Power Source Engine Subdweller Power Source Propulsion Light Treads Treads Light Treads Leg Aluminum Leg Wheel Wheel Utility Scrap Shield Storage Humpback Protection Scrap Shield Weapon Assault Rifle Energy Gun Makeshift Laser Ballistic Gun Assault Rifle Build | -11 -10 -10 ------- Run | Yrd Mat Sub Slots Evolved . | . . . Power . | . . . Propulsion . | . . . Utility . | . . . Weapon . | . . . Parts Attached 21 | 6 4 11 Power 4 | 1 . 3 Engine 4 | 1 . 3 Core . | . . . Reactor . | . . . Propulsion 6 | 2 2 2 Treads 2 | 1 1 . Leg 1 | . 1 . Wheel 3 | 1 . 2 Hover . | . . . Flight . | . . . Utility 3 | 1 . 2 Device . | . . . Storage 2 | 1 . 1 Processor . | . . . Hackware . | . . . Protection 1 | . . 1 Artifact . | . . . Weapon 8 | 2 2 4 Energy Gun 2 | 1 . 1 Energy Cannon . | . . . Ballistic Gun 6 | 1 2 3 Ballistic Cannon . | . . . Launcher . | . . . Special Weapon . | . . . Impact Weapon . | . . . Slashing Weapon . | . . . Piercing Weapon . | . . . Special Melee Weapon . | . . . Unidentified Prototypes . | . . . Parts Lost 7 | . 3 4 Power 2 | . 1 1 Propulsion 2 | . 2 . Utility 1 | . . 1 Weapon 2 | . . 2 Highest Loss Streak 3 | . 3 2 To Critical Strikes . | . . . Average Backups 6 | 1 7 7 Power . | . 1 . Propulsion 2 | 1 2 2 Utility 1 | . . 1 Weapon 2 | . 3 1 Tool/Special . | . . . Unused Backups 8 | . . 8 Power 1 | . . 1 Propulsion 1 | . . 1 Utility 2 | . . 2 Weapon 3 | . . 3 Tool/Special 1 | . . 1 Average Slot Usage (%) 81 | . 76 82 Engine 11 | . 5 11 Treads 9 | . 13 9 Leg 9 | . 6 9 Wheel 8 | . 7 9 Storage 7 | . 14 7 Protection 6 | . . 6 Energy Gun 1 | . 6 1 Ballistic Gun 26 | . 21 26 Peak Build Rating 13 | 6 6 13 Average Rating 9 | 5 5 9 On Entrance 3 | . 6 5 Avg Prop Armor Cover (%) 6 | 15 11 4 Naked Turns . | . . . Heaviest Build 209 | 13 13 209 Greatest Support 30 | 20 20 30 Greatest Overweight (x) 20 | 1 . 20 Average Overweight (x) 3 | . . 3 Largest Inventory Capacity 35 | 8 8 35 Average Capacity 14 | 7 8 15 Most Carried 11 | 4 8 11 Average Carried 6 | 1 7 7 Final Capacity 8 | 8 8 5 Final Carried 7 | 4 7 5 Class Distribution -------------------- 70% | Mutant 29% | Hauler-Mutant Dominant Class ---------------- Mutant | -10/Materials Mutant | -10/Subcaves Resources | -11 -10 -10 ----------- Run | Yrd Mat Sub Matter Collected 615 | 216 123 276 Remotely . | . . . Salvage Created 465 | . 188 277 Parts 29 | . 10 19 Haulers Intercepted . | . . . Recyclers Shooed 1 | . 1 . Parts Field Recycled . | . . . Retrieved Matter . | . . . Parts Self-Destructed 6 | . . 6 Prevented . | . . . Parts Restored . | . . . Kills | -11 -10 -10 ------- Run | Yrd Mat Sub Combat Hostiles Destroyed 13 | . 4 9 Guns 13 | . 4 9 Classes Destroyed 4 | . 1 3 Swarmer 3 | . . 3 Grunt 4 | . 4 . Sentry 1 | . . 1 Subdweller 5 | . . 5 Best Kill Streak 3 | . 2 3 Combat Bots Only 3 | . 2 3 Max Kills in Single Turn 1 | . 1 1 Gunslinging . | . . . Exploded . | . . . Melee . | . . . Uniques/NPCs Destroyed . | . . . Combat | -11 -10 -10 -------- Run | Yrd Mat Sub Hostile Shots Fired 141 | . 49 92 Missed 39 | . 8 31 Hits 102 | . 41 61 Projectile 102 | . 41 61 Critical Strikes 4 | . 2 2 Damage Taken 1410 | . 521 889 Core 256 | . 111 145 Absorbed by Shields . | . . . Core Remaining (%) 100 | 100 . . Volleys Fired 65 | . 19 46 Largest 2 | . 2 2 Hottest 150 | . 70 150 Shots Fired 123 | . 38 85 Gun 123 | . 38 85 Cannon . | . . . Launcher . | . . . Special . | . . . Kinetic 107 | . 25 82 Thermal 16 | . 13 3 Explosive . | . . . Electromagnetic . | . . . Robot Hit Streak 9 | . 5 9 Robot Miss Streak 5 | . 2 5 Penetration Max . | . . . Secondary Targets 3 | . 1 2 Max Gunslinging Chain 1 | . 1 1 Shots Hit Robots 79 | . 26 53 Core Hits 24 | . 10 14 Critical Kills . | . . . Critical Parts Destroyed . | . . . Critical Strikes 1 | . 1 . Burn 1 | . 1 . Melee Attacks . | . . . Impact . | . . . Slashing . | . . . Piercing . | . . . Sneak Attacks . | . . . Combat Hostiles . | . . . Follow-up Attacks . | . . . Damage Inflicted 1032 | . 311 721 Guns 1032 | . 311 721 Cannons . | . . . Explosions . | . . . Melee . | . . . Ramming . | . . . Kinetic 921 | . 200 721 Thermal 111 | . 111 . Explosive . | . . . Electromagnetic . | . . . Impact . | . . . Slashing . | . . . Piercing . | . . . Highest Corruption . | . . . Average Corruption . | . . . Corruption Purged . | . . . Corruption Blocked . | . . . Overload Shots 4 | . . 4 Effects 2 | . . 2 Heat Surge 1 | . . 1 Short Circuit 1 | . . 1 Overflow Damage . | . . . Projectiles . | . . . Explosions . | . . . Melee . | . . . Knockbacks . | . . . Impact . | . . . Kinetic . | . . . Secondary . | . . . Self-Inflicted Damage . | . . . Shots . | . . . Rammed . | . . . Targets Rammed . | . . . Kicked . | . . . Crushed . | . . . Highest Temperature 375 | . 306 375 Average Temperature 163 | . 155 193 Received Heat Transfer 513 | . 324 189 Siege Activations . | . . . Martial Activations . | . . . Shielding Activations . | . . . Robots Disrupted . | . . . Combat Hostiles . | . . . Robots Corrupted . | . . . Combat Hostiles . | . . . Parts Fried . | . . . Impact Corruptions . | . . . Robots Melted . | . . . Combat Hostiles . | . . . Parts Melted 2 | . 2 . Heat Transferred 407 | . 407 . Parts Sabotaged . | . . . Parts Stolen . | . . . Parts Stripped . | . . . Power Chain Reactions . | . . . Alert | -11 -10 -10 ------- Run | Yrd Mat Sub Maximum Alert Level . | . . . Low Security (%) 100 | 100 100 . Level 1 . | . . . Level 2 . | . . . Level 3 . | . . . Level 4 . | . . . Level 5 . | . . . High Security . | . . . Max Security . | . . . Peak Influence 50 | . 50 . Initial . | . . . Average 13 | . 17 . Influence Increases 191 | . 101 90 Destroy 0b10 Robot/C 160 | . 80 80 Destroy Leader 30 | . 20 10 Destroy Structure 1 | . 1 . Influence Decreases 191 | . 101 90 Time Decay 161 | . 71 90 Lost Part 30 | . 30 . Squads Dispatched 1 | . 1 . Investigation . | . . . Extermination . | . . . Reinforcement 1 | . 1 . Assault . | . . . Garrison . | . . . Intercept . | . . . Searches Triggered . | . . . Construction Impeded . | . . . Haulers Reinforced . | . . . Active Scanning Responses . | . . . Cargo Convoy Interrupts . | . . . Stealth | -11 -10 -10 --------- Run | Yrd Mat Sub Distress Signals . | . . . Communications Jammed . | . . . Distress Signals . | . . . Times Spotted 20 | . 5 15 Peak Tracking Total 6 | . 3 6 Tactical Retreats . | . . . Traps | -11 -10 -10 ------- Run | Yrd Mat Sub Traps Triggered . | . . . Indirectly . | . . . Trap Hack Attempts . | . . . Triggered . | . . . Disarmed . | . . . Reprogrammed . | . . . Reused . | . . . Traps Extracted . | . . . Installed . | . . . Triggered . | . . . Machines | -11 -10 -10 ---------- Run | Yrd Mat Sub Machines Disabled . | . . . Max in Single Turn . | . . . Machines Repaired . | . . . Machines Dismantled . | . . . Machines Sabotaged . | . . . Overloaded Fab Kills . | . . . Hacking | -11 -10 -10 --------- Run | Yrd Mat Sub Machines Accessed . | . . . Terminals . | . . . Fabricators . | . . . Repair Stations . | . . . Recycling Units . | . . . Scanalyzers . | . . . Garrison Access . | . . . Total Hacks . | . . . Successful . | . . . Failed . | . . . Catastrophic . | . . . Database Lockouts . | . . . Manual . | . . . Terminals . | . . . Fabricators . | . . . Repair Stations . | . . . Recycling Units . | . . . Scanalyzers . | . . . Garrison Access . | . . . Terminal Hacks . | . . . Fabricator Hacks . | . . . Repair Station Hacks . | . . . Recycling Unit Hacks . | . . . Scanalyzer . | . . . Garrison Access Hacks . | . . . Unauthorized Hacks . | . . . Terminals . | . . . Fabricators . | . . . Repair Stations . | . . . Recycling Units . | . . . Scanalyzers . | . . . Garrison Access . | . . . Data Cores Recovered . | . . . Used . | . . . Hacking Detections . | . . . Full Trace Events . | . . . Feedback Events . | . . . Feedback Blocked . | . . . Robot Schematics Acquired . | . . . Robots Built . | . . . Authchips . | . . . Time . | . . . Total Robot Build Rating . | . . . Part Schematics Acquired . | . . . Parts Built . | . . . Authchips . | . . . Time . | . . . Total Part Build Rating . | . . . Part Studies Acquired . | . . . Parts Repaired . | . . . Time . | . . . Parts Recycled . | . . . Recycled Matter . | . . . Retrieved Matter . | . . . Retrieved Components . | . . . Parts Scanalyzed . | . . . Part Schematics Acquired . | . . . Parts Damaged . | . . . Bothacking | -11 -10 -10 ------------ Run | Yrd Mat Sub Used RIF Installer . | . . . Robots Hacked . | . . . Non-combat . | . . . Combat . | . . . Robot Hacks Applied . | . . . Relay Couplers Released . | . . . Fabnet Peak Effective % . | . . . Robots Rewired . | . . . Allies Hacked . | . . . Hacks Repelled . | . . . Allies | -11 -10 -10 -------- Run | Yrd Mat Sub Total Allies . | . . . Largest Group . | . . . Highest-Rated Group . | . . . Highest-Rated Ally . | . . . Total Orders . | . . . Ally Attacks . | . . . Total Damage . | . . . Kills . | . . . Allies Corrupted . | . . . Allies Melted . | . . . Intel | -11 -10 -10 ------- Run | Yrd Mat Sub Active Infowar (turns) . | . . . Robot Analysis Total . | . . . Derelict Logs Recovered 2 | . . 2 Drone Launches . | . . . Drone Recoveries . | . . . Exploration | -11 -10 -10 ------------- Run | Yrd Mat Sub Turns Passed 2984 | 62 229 2693 Spaces Moved 1318 | 48 91 1179 Core 19 | 2 . 17 Treads 818 | 3 29 786 Legs . | . . . Wheels 481 | 43 62 376 Hover . | . . . Flight . | . . . Fastest Speed 50 | 50 100 50 Average Speed 204 | 102 119 214 Slowest Speed 380 | 160 160 380 Overloaded Moves . | . . . Propulsion Burnouts . | . . . Robots Hopped . | . . . Potential Cave-ins . | . . . Cave-ins Triggered . | . . . Exploration Rate (%) 36 | 4 24 80 Regions Visited 2 Branch Regions 1 Pre-discovered Areas 2 | . . 2 Known Exits Taken . | . . . Unknown Exits Taken 2 | 1 1 . Scrap Searched . | . . . Spaces Dug 1 | . . 1 Terrain Destroyed 3 | . . 3 Melee . | . . . Projectile 3 | . . 3 AOE . | . . . Terrain Rammed . | . . . Walls Destroyed . | . . . Machines Disabled . | . . . Actions | -11 -10 -10 --------- Run | Yrd Mat Sub Total 1488 | 57 175 1256 Wait 57 | . 57 . Move 1316 | 47 90 1179 Hop . | . . . Pick Up 21 | 4 5 12 Fast Attach 9 | 6 . 3 Attach 5 | . 2 3 Detach . | . . . Swap 7 | . 2 5 Drop 8 | . . 8 Fire 65 | . 19 46 Melee . | . . . Ram . | . . . Kick . | . . . Crush . | . . . Escape Stasis . | . . . Rewire . | . . . Trap . | . . . Miscellaneous . | . . . Route ------- -11/Scrapyard -10/Materials -10/Subcaves (discovered 3 exits: [*Mat x2] / *Rec) History --------- Turn | Location | Event 26 | -11/Scrapyard | Discovered new exit (range 16) 63 | -11/Scrapyard | Entered Materials 212 | -10/Materials | Lost 3 parts (1p2n) 282 | -10/Materials | Discovered new exit (range 6) 292 | -10/Materials | Entered Subcaves 294 | -10/Subcaves | Shifting Twisted Machinery released Mak. Laser 307 | -10/Subcaves | Core integrity fell below 50% 317 | -10/Subcaves | Build established: Mutant 344 | -10/Subcaves | Shifting Twisted Machinery released Flamer 464 | -10/Subcaves | Discovered new exit (range 15) 541 | -10/Subcaves | Learned location of Storage (-7) 903 | -10/Subcaves | Discovered new exit (range 7) 952 | -10/Subcaves | Shifting Twisted Machinery released Flamer 1832 | -10/Subcaves | Learned location of Zion (-6) 1832 | -10/Subcaves | Met a Zionite searching for "candidates" 2169 | -10/Subcaves | Shifting Twisted Machinery released Mak. Kinetic Plating 2172 | -10/Subcaves | Shifting Twisted Machinery released Multitool 2401 | -10/Subcaves | Build established: Hauler-Mutant 2456 | -10/Subcaves | Identified exit to Recycling 2983 | -10/Subcaves | Core integrity fell below 20% 2985 | -10/Subcaves | Destroyed by Autobeam Turret with Autobeam Last Messages --------------- 02121_ Acquired 33 matter. 02124_ Acquired Sub. Power Source. 02127_ Acquired Sub. Monowheel. Mak. Kinetic Plating falls loose from the Twisted Machinery. Multitool falls loose from the Twisted Machinery. 02176_ Acquired Multitool. 02456_ Acquired derelict log, extracted data. Loading 1 Recycling entrance... 02578_ Sub. Monowheel shoots sparks and powers down. 02633_ Acquired Mak. Laser. 02746_ Overload: Heat surge (+195). 02812_ Mak. Laser broken. 02812_ Overload: Short circuit. 02892_ Acquired 4 matter. 02975_ Dropped Humpback. 02976_ Dropped Broken Mak. Laser. 02976_ Dropped Assault Rifle. 02977_ Dropped Sub. Power Source. 02983_ S-10 Pest destroyed. 02985_ Acquired 14 matter. Map ----- +----------------------------------------------------+ | ?????????????????????## #?# ########??????????? | | ?????????????????????## #### ##??????????????? | | ????????????????????## ## ##?????????????? | | ????????????????????# ### #?????????????? | | ????????????????????# ## #?????????????? | | ????????????????????# ## ##?????????????? | | ????????????????????# ## #?##??????????????? | | ????????????????????# #### #?????????????????? | | ???????????????????## #??## #######????????????? | | ?????????????????### ########? ######???????? | | ????????????????## ###?# ## #???????? | | ????????????????# ## ## #???????? | | ????????????????# < ### #???????? | | ????????????????# ##### #???????? | | ????????????????# ##??# #???????? | | ????????? ??????# ##### ##??????? | | ??????? ?????# ## ## ##?????? | | ??????? ????# #### #?????? | | ??????# ????## ##?#### ### #?????? | | ?????## #????# #????###### ####?## #?????? | | ?????# #???# ????########?????## #?????? | | ?????# #??# ?????" """#???????# ####??# | | ????## ### #?#### "#???????# #??# | | ????# ?# ### # "#???????## ##?## | | ????# ## ## ss t""##????##### ####" | | ???## =*@ >#????# " # | | ???# [ s t""##????##### # ### | | ????????# ###### "#???????#?# # ##?? | | ????????#### ##????? "#???????# ## ##??? | | ?????????### ##??????" """#???????# # #???? | | ??????#### ###############???????## ###???? | | ???# |[[## ##?????####??## ##?????? | | ??#" # [!** #????## #### ##??????? | | ??????### [!= #???## # ## ##???????? | | ????????## #### ##?## #### ##????????? | | ?????????## ???## ### ##??####?????????? | | ??????????# ????## ## ##????????????????? | | ??????????# ?????## ## ##?????????????????? | | ?????????# ??????# #### #?????????????????? | | ???????? ???? #???##?????????????????? | | ??????? ??# ##??????????????????????? | | ??????# ### ??# ##???????????????????????? | | ??????# ??##??# ##????????????????????????? | | ???????##??????# #####?????????????????????????? | | ???????????????### ??????????????????????????????? | | ?????????????????#???????????????????????????????? | | ?????????????????????????????????????????????????? | | ?????????????????????????????????????????????????? | | ?????????????????????????????????????????????????? | | ?????????????????????????????????????????????????? | +----------------------------------------------------+ Best States ------------- Heat Dissipation 25 Energy Generation 15 Energy Capacity 250 Matter Stores 300 Matter Capacity 300 Sight Range 16 Terrain Scan Density 10 Armor Coverage 800 Evasion (%) 50 Recoil Reduction 1 Item Schematics ----------------- None Robot Schematics ------------------ None Fabricated ------------ Nothing Repaired ---------- Nothing Studied --------- None Alien Tech Used ----------------- None Achievements -------------- None Challenges ------------ None Game ------ Seed SlugGravmagMatterbank Manual? 0 Play Time 00:06:39 Cumulative 410.9 hours Start 2025.11.15 @ 12:59:22 End 2025.11.15 @ 13:04:49 Sessions 1 Manual Loads 0 Difficulty Rogue Special Mode None Game No. 371 Rogue 335 Adventurer 36 Explorer 0 Win Type - Total 16 Types 7/0/9/0/0/0/0/0/0/0 Lore% 72 Gallery% 85 Achievement% 62 Wizard Run 0 Options --------- Layout 0 ASCII 0 Keyboard 0 Movement Mouse Keybinds 0 Fullscreen 1 Font 18/SmallcapsGlow Map View 76x50 Zoom Use 0% Tactical HUD 1 Map Filters NONE Filters NONE Steam 1 RUN: 09b065e4-4d9f-4e6b-b34b-2dfa41b61e19